 Dungeon Crawl Stone Soup version 0.28-a0-612-gcfc00ec14d (webtiles) character file.

Game seed: 14308377670932902911

42 Spaninq the Caller (level 3, 1/26 HPs)
             Began as a Demigod Summoner on Oct 5, 2021.
             Quit the game on level 3 of the Dungeon.
             The game lasted 00:06:27 (2846 turns).

Spaninq the Caller (Demigod Summoner)               Turns: 2846, Time: 00:06:28

Health: 1/26       AC:  6    Str:  7 (9)  XL:     3   Next: 17%
Magic:  4/8        EV: 12    Int: 18 (21) God:
Gold:   86         SH:  0    Dex: 12 (14) Spells: 0/6 levels left

rFire   + . .      SeeInvis .   b - +0 dagger
rCold   + . .      Faith    .   (no shield)
rNeg    . . .      Spirit   .   a - +0 robe
rPois   +          Reflect  .   (no helmet)
rElec   +          Harm     .   (no cloak)
rCorr   +          Rampage  .   (no gloves)
Will    .....                   (no boots)
Stlth   ++........              (no amulet)
HPRegen 0.08/turn               c - ring of wizardry
MPRegen 0.11/turn               g - +4 ring of protection

@: lethally poisoned (1 -> -10), resistant, flying
A: high mp 1, forlorn
a: no special abilities


You were on level 3 of the Dungeon.
You visited 1 branch of the dungeon, and saw 3 of its levels.

You collected 86 gold pieces.

Inventory:

Hand Weapons
 b - a +0 dagger (weapon)
Armour
 a - a +0 robe (worn)
Jewellery
 c - a ring of wizardry (left hand)
 g - a +4 ring of protection (right hand)
 k - a +4 ring of protection
Wands
 j - a wand of polymorph (21)
Scrolls
 e - a scroll of fear {unknown}
 f - a scroll of immolation {unknown}
 i - a scroll of vulnerability {unknown}
 l - a scroll of fog {unknown}
 m - a scroll of identify {unknown}


   Skills:
 + Level 2.2 Dodging
 + Level 2.4 Stealth
 + Level 2.2 Spellcasting
 + Level 3.9 Summonings


You couldn't memorise any spells.
You knew the following spells:

 Your Spells              Type           Power      Damage    Failure   Level
a - Summon Small Mammal   Summ           64%        N/A       1%          1
b - Call Imp              Summ           16%        N/A       2%          2
c - Call Canine Familiar  Summ           16%        N/A       4%          3

Your spell library contained the following spells:

 Spells                   Type           Power      Damage    Failure   Level
 Beastly Appendage        Tmut           2%         N/A       8%          1
 Summon Guardian Golem    Hex/Summ       9%         N/A       10%         3
 Wereblood                Tmut           1%         N/A       11%         2
 Spider Form              Tmut/Pois      0%         N/A       21%         3
 Summon Lightning Spire   Summ/Air       9%         N/A       30%         4


Dungeon Overview and Level Annotations

Branches:
Dungeon (3/15)

Annotations:
D:3 Natasha


Innate Abilities, Weirdness & Mutations

Your attributes grow dramatically as you level up.
You have an increased reservoir of magic. (+10% MP)
You shall have no god before yourself.


Message History

The adder is severely wounded.
You feel sick.
Your bat misses the adder.
Your bat closely misses the adder.
The adder bites you but does no damage. The adder barely misses you.
Your rat closely misses the adder.
You closely miss the adder.
The adder is severely wounded.
You feel sick. The adder bites you. The adder bites you but does no damage.
The adder bites you.
You are more poisoned.
The adder poisons you! The adder bites you.
Your rat bites the adder but does no damage.
It was a potion of flight.
You feel very buoyant.
You fly up into the air.
You feel sick. The adder bites you.
You are lethally poisoned!
The adder poisons you! The adder closely misses you.
Your crimson imp blinks!
Your rat misses the adder.
It was a potion of resistance.
You feel protected.
* * * LOW HITPOINT WARNING * * *
You feel very sick.
Your bat completely misses the adder. x2; The adder barely misses you.
The adder bites you but does no damage.
Your rat closely misses the adder.
It was a potion of degeneration.
There was something very wrong with that liquid.
You feel weakened.
You feel dopey.
You feel clumsy.
* * * LOW HITPOINT WARNING * * *
You feel very sick. The adder bites you.
* * * LOW HITPOINT WARNING * * *
You are more poisoned.
The adder poisons you! The adder barely misses you.
Your bat closely misses the adder.
The adder barely misses you. The adder closely misses you.
Your rat barely misses the adder.
You aren't carrying any potions.
Okay, then.
There is a lethal amount of poison in your body!
Unknown command.
Are you sure you want to abandon this character and quit the game? (Confirm with "yes".)

#.. #.########..
#........... #.####......
#......####. #.####.##...
.# #####.####.##.#.
....######......>........
....5.bS@....#.####.##.#.
......rS.....#.# #.##...
....######.###.# #.####.
..S ####.###.####.####. #
#..................
#>#####.#..##....<. #
#.##.######## #.##...###
#.#####..###


You could see 2 adders, a friendly crimson imp (summoned), a friendly bat
(summoned) and a friendly rat (summoned).

Vanquished Creatures
  3 ball pythons
  An endoplasm (D:3)
  2 goblins
  A frilled lizard (D:3)
  2 rats (D:1)
9 creatures vanquished.

Vanquished Creatures (collateral kills)
  A worm (D:2)
  An orc (D:2)
  A ball python (D:2)
  3 endoplasms (D:1)
  A giant cockroach (D:2)
  4 goblins
  6 kobolds (D:1)
  A quokka (D:2)
  5 bats
  A frilled lizard (D:1)
  4 rats
28 creatures vanquished.

Vanquished Creatures (others)
  4 toadstools (D:1)
4 creatures vanquished.

Grand Total: 41 creatures vanquished

Notes
Turn   | Place    | Note
-------+----------+-------------------------------------------
     0 | D:1      | Spaninq the Demigod Summoner began the quest for the Orb.
     0 | D:1      | Reached XP level 1. HP: 14/14 MP: 5/5
   253 | D:1      | Reached XP level 2. HP: 8/20 MP: 4/7
   266 | D:1      | Learned a level 2 spell: Call Imp
  1678 | D:2      | Reached XP level 3. HP: 26/26 MP: 3/8
  1682 | D:2      | Learned a level 3 spell: Call Canine Familiar
  2596 | D:3      | Noticed Natasha
  2845 | D:3      | HP: 1/26 [adder (2)]
  2846 | D:3      | Quit the game

Illustrated notes

Levels and vault maps discovered:
D:1:      ldierk_walled_garden_2, layout_basic,
          hangedman_abyss_or_decor_lesser_grid
D:2:      layout_basic, basic_altar, ebering_ecumenical_altar_hall
D:3:      layout_loops_ring, serial_glass, glass_columns_c, glass_columns_a,
          grunt_decor_clamped, uniq_natasha

Skill      XL: |  1 |
---------------+----+-----
Stealth        | 2 |  2.4
Dodging        | 2 |  2.2
Spellcasting   | 2 |  2.2
Summonings     | |  3.9

Action                   || total
-------------------------++-------
Melee: Dagger            ||    46
       Unarmed           ||     1
 Cast: Summon Small Mamm ||    57
       Call Imp          ||    18
  Use: Potion            ||     3
 Stab: Sleeping          ||     2
Armor: Robe              ||    19
Dodge: Dodged            ||    44

Table legend: (Time is in decaauts)
 A = Elapsed time spent in this place.
 B = Non-inter-level travel time spent in this place.
 C = Inter-level travel time spent in this place.
 D = Time resting spent in this place.
 E = Time spent auto-exploring this place.
 F = Levels seen in this place.
 G = Mean time per level.
                   A        B        C        D        E       F      G
               +--------+--------+--------+--------+--------+-----+--------+
         Total |   2844 |   2800 |     44 |    200 |   2203 |   3 |  948.0 |
       Dungeon |   2844 |   2800 |     44 |    200 |   2203 |   3 |  948.0 |
               +--------+--------+--------+--------+--------+-----+--------+

Top non-repeatable levels by time:
     D:2: 1350 daAuts
     D:1: 1183 daAuts
     D:3: 310 daAuts
